 Dungeon Crawl Stone Soup version 0.16-a0-3389-g45633df (webtiles) character file.

307 Kemay the Changer (level 6, -1/38 HPs)
             Began as an Octopode Transmuter on Dec 30, 2014.
             Was a Follower of Sif Muna.
             Slain by Menkaure (15 damage)
             ... on level 4 of the Dungeon.
             The game lasted 00:08:35 (4252 turns).

Kemay the Changer (Octopode Transmuter)             Turns: 4252, Time: 00:08:35

Health: -1/38      AC:  2    Str:  9    XL:     6   Next: 40%
Magic:  5/10       EV: 22    Int: 18    God:    Sif Muna [*.....]
Gold:   144        SH:  0    Dex: 17    Spells: 2 memorised, 5 levels left

rFire  . . .     SeeInvis .       - Unarmed
rCold  . . .     Clarity  .     (shield currently unavailable)
rNeg   + . .     SustAb   .     (helmet currently unavailable)
rPois  x         Gourm    .     (no amulet)
rElec  .         Spirit   .     c - ring of positive energy
rCorr  .         Warding  .     i - +2 ring of evasion
rMut   .         Stasis   .     (no ring)
MR     .....                    (no ring)
Stlth  ++........               (no ring)
                                (no ring)
                                (no ring)
                                (no ring)

@: spider-form, very slightly contaminated, not resistant to hostile
enchantments, unstealthy
A: almost no armour, amphibious, 8 rings, (constrict 8), (camouflage 0),
(gelatinous body 0)
a: End Transformation, Channel Energy, Renounce Religion


You were on level 4 of the Dungeon.
You worshipped Sif Muna.
Sif Muna was aware of your devotion.
You were hungry.
You were a venomous arachnid creature.
You visited 1 branch of the dungeon, and saw 4 of its levels.

You collected 144 gold pieces.

Inventory:

Missiles
 e - 32 poisoned needles
 m - 4 needles of confusion
Armour
 n - a +0 buckler
Jewellery
 c - a ring of positive energy (left front leg)
 i - a +2 ring of evasion (right front leg)
Magical devices
 r - a wand of confusion (48)
Scrolls
 b - 2 scrolls of magic mapping
 f - a scroll of teleportation
 j - 2 scrolls of blinking
 l - 2 scrolls of remove curse
 p - 2 scrolls of identify
 q - a scroll of recharging
Potions
 g - a potion of cancellation
 s - a potion of might
Books
 d - a book of Changes

   Spells                             Type                      Level
   a - Beastly Appendage              Transmutation                1
   b - Sticks to Snakes               Transmutation                2
   c - Spider Form                    Transmutation/Poison         3
   d - Ice Form                       Ice/Transmutation            4
   e - Blade Hands                    Transmutation                5
Comestibles
 a - 2 bread rations
 h - a royal jelly
 k - 3 meat rations
 o - 3 beef jerkies
 t - a slice of pizza


   Skills:
 - Level 1.0 Fighting
 + Level 2.4 Dodging
 - Level 3.0 Unarmed Combat
 - Level 2.0 Spellcasting
 + Level 4.8 Transmutations
 + Level 4.7 Poison Magic


You had 5 spell levels left.
You knew the following spells:

 Your Spells              Type           Power        Failure   Level  Hunger
a - Beastly Appendage     Trmt           ###...       10%         1    #......
b - Spider Form           Trmt/Pois      ###.......   24%         3    ###....


Dungeon Overview and Level Annotations

Branches:
Dungeon (4/15)
 Temple: D:4-7

Altars:
Dithmenos
Gozag
Qazlal
Sif Muna
Yredelemnul

Shops:
D:4 }

Annotations:
D:4 Menkaure


Innate Abilities, Weirdness & Mutations

You cannot wear most types of armour.
You are amphibious.
You can wear up to eight rings at the same time.
((You can use your tentacles to constrict many enemies at once.))
((Your skin changes colour to match your surroundings (Stealth).))
((Your rubbery body absorbs attacks (AC +1).))


Message History

Menkaure, Prince of Dust comes into view.
Menkaure moves out of view.
You see here a giant club.
Eat which item? (? for menu, Esc to quit)
You can't eat that!
Menkaure shouts!
Menkaure casts a spell.
Menkaure seems to speed up.
You hit Menkaure.
Menkaure is lightly damaged.
Menkaure calls on the powers of darkness!
Your body is wracked with pain!
You hit Menkaure but do no damage.
Menkaure is lightly damaged.
Menkaure calls on the powers of darkness!
Your body is wracked with pain!
You hit Menkaure but do no damage.
Menkaure is lightly damaged.
Menkaure hits you!
You die...

#.....#... ###.###...
### #.#..... .. #.......
########.# ###.....
#........# #.....
#........# ###'##
#....M...# #.##
#...!s...# #.#####...
#........# .#.........
#........##...........
#.......##############
..........).............
###........#############
#........# # #........#
# ........# #


You could see Menkaure.

Vanquished Creatures
  An ogre (D:4)
  An orc priest (D:3)
  An orc wizard (D:3)
  A worker ant (D:4)
  Ijyb (D:2)
  Jessica (D:2)
  An adder (D:3)
  2 gnolls (D:3)
  A giant mite (D:2)
  2 worms
  An adder skeleton (D:4)
  A giant gecko (D:3)
  An ooze (D:3)
  3 orcs
  11 bats
  10 hobgoblins
  6 jackals
  A quokka (D:2)
  4 giant cockroaches
  A giant newt (D:3)
  6 goblins
  7 kobolds
  5 rats
69 creatures vanquished.

Notes
Turn   | Place    | Note
--------------------------------------------------------------
     0 | D:1      | Kemay, the Octopode Transmuter, began the quest for the Orb.
     0 | D:1      | Reached XP level 1. HP: 13/13 MP: 3/3
   316 | D:1      | Reached XP level 2. HP: 18/18 MP: 4/4
  1137 | D:2      | Reached XP level 3. HP: 23/23 MP: 4/6
  1142 | D:2      | Learned a level 3 spell: Spider Form
  1295 | D:2      | Found a stormy altar of Qazlal.
  1314 | D:2      | Reached skill level 1 in Poison Magic
  1582 | D:2      | Found a deep blue altar of Sif Muna.
  1591 | D:2      | Became a worshipper of Sif Muna the Loreminder
  1646 | D:2      | Noticed Ijyb
  1669 | D:2      | Killed Ijyb
  1669 | D:2      | Reached XP level 4. HP: 28/28 MP: 3/7
  1864 | D:2      | Found a shadowy altar of Dithmenos.
  2379 | D:2      | Noticed Jessica
  2384 | D:2      | Killed Jessica
  2384 | D:2      | Reached skill level 4 in Transmutations
  3083 | D:3      | Reached XP level 5. HP: 33/33 MP: 5/9
  3570 | D:4      | Found Eha Leah's Gadget Emporium.
  3601 | D:4      | Found an opulent altar of Gozag.
  3940 | D:4      | Found a basalt altar of Yredelemnul.
  3976 | D:4      | Acquired Sif Muna's first power
  3976 | D:4      | Reached XP level 6. HP: 38/38 MP: 8/10
  4237 | D:4      | Noticed an ogre
  4244 | D:4      | Killed an ogre
  4245 | D:4      | Noticed Menkaure
  4252 | D:4      | Slain by Menkaure

Action                   |  1- 3 |  4- 6 || total
-------------------------+-------+-------++-------
Melee: Unarmed           |    84 |   107 ||   191
 Cast: Beastly Appendage |    10 |     7 ||    17
       Spider Form       |     1 |     4 ||     5
 Abil: End Transformatio |     3 |       ||     3
  Use: Scroll            |     7 |     4 ||    11
       Potion            |     5 |     1 ||     6
 Stab: Sleeping          |     7 |     4 ||    11
  Eat: Chunk             |     3 |     8 ||    11
